 Dungeon Crawl Stone Soup version 0.21-a0-72-gbbb65ab (webtiles) character file.

1815 grindst0ne the Protected (level 9, -3/71 HPs)
             Began as a Formicid Fighter on June 20, 2017.
             Slain by an orc warrior
             ... wielding a +0 trident
              (13 damage)
             ... on level 6 of the Dungeon.
             The game lasted 00:08:58 (5369 turns).

grindst0ne the Protected (Formicid Fighter)         Turns: 5369, Time: 00:09:00

Health: -3/71      AC: 11    Str: 20    XL:     9   Next: 31%
Magic:  9/9        EV:  7    Int:  9    God:
Gold:   293        SH: 11    Dex: 13    Spells: 8/8 levels left

rFire    . . .     SeeInvis +   y - +5 great sword
rCold    . . .     Gourm    .   c - +0 shield
rNeg     . . .     Faith    .   o - +0 chain mail
rPois    .         Spirit   .   (helmet unavailable)
rElec    .         Reflect  .   (no cloak)
rCorr    .         Harm     .   (no gloves)
MR       .....                  (no boots)
Stlth    ..........             (no amulet)
HPRegen  0.21/turn              (no ring)
MPRegen  0.11/turn              (no ring)

@: no status effects
A: permanent stasis, dig shafts and tunnels, four strong arms, antennae 3
a: Dig, Shaft Self


You were on level 6 of the Dungeon.
You were not hungry.

You visited 1 branch of the dungeon, and saw 6 of its levels.
You also visited: Ossuary.

You collected 293 gold pieces.

Inventory:

Hand Weapons
 a - a +0 war axe
 y - a +5 great sword (weapon)
Armour
 b - a +0 scale mail
 c - a +0 shield (worn)
 o - a +0 chain mail (worn)
Jewellery
 g - a cursed ring of loudness {unknown}
Wands
 t - a wand of polymorph (13/24)
 u - a wand of iceblast (13/15)
 H - a wand of random effects (21/48)
Scrolls
 e - 5 scrolls of teleportation
 j - a scroll of enchant weapon {unknown}
 k - a scroll of fog {unknown}
 l - 2 scrolls of blinking
 m - 4 scrolls of identify
 p - 5 scrolls of remove curse {unknown}
 A - a scroll of magic mapping
 K - a scroll of fear {unknown}
 L - a scroll of amnesia {unknown}
Potions
 d - 2 potions of curing
 i - 2 potions of mutation {unknown}
 q - a potion of magic {unknown}
 r - 3 potions of flight {unknown}
 s - a potion of might
 v - a potion of haste {unknown}
 w - 2 potions of agility
 x - a potion of brilliance {unknown}
 z - a potion of berserk rage {unknown}
 B - a potion of ambrosia {unknown}
 G - a potion of heal wounds {unknown}
 I - a potion of lignification {unknown}
 J - 2 potions of invisibility {unknown}
Books
 D - a book of Maledictions

   Spells                             Type                      Level
   a - Corona                         Hexes                        1
   b - Ensorcelled Hibernation        Hexes/Ice                    2
   c - Confuse                        Hexes                        3
   d - Tukima's Dance                 Hexes                        3
   e - Dazzling Spray                 Conjuration/Hexes            3
 F - Sif Muna's Disquisition on Weightlessness
   (You found it on level 5 of the Dungeon)

   Spells                             Type                      Level
   a - Shock                          Conjuration/Air              1
Comestibles
 f - 2 bread rations
 h - 4 meat rations
 n - 3 royal jellies
 C - 2 fruits
 E - 2 chunks of flesh


   Skills:
 + Level 6.7 Fighting
 + Level 4.2 Long Blades
 - Level 2.0 Axes
 + Level 8.9 Armour
 - Level 7.2 Shields


You had 8 spell levels left.
You didn't know any spells.

Dungeon Overview and Level Annotations

Branches:
Dungeon (6/15)
 Temple: D:4-7

Altars:
Sif Muna
Trog

Shops:
D:4 [


Innate Abilities, Weirdness & Mutations

You cannot be hasted, slowed, berserked, paralysed or teleported.
You can dig through walls and to a lower floor.
Your four strong arms can wield two-handed weapons with a shield.
You have a pair of large antennae on your head. (SInv)


Message History

The orc warrior is moderately wounded.
You block the orc warrior's attack.
You slash the orc warrior!
The orc warrior is severely wounded.
The orc warrior hits you with a trident!
You completely miss the orc warrior.
The orc warrior is severely wounded.
You block the orc warrior's attack.
The orc warrior hits you with a trident!
* * * LOW HITPOINT WARNING * * *
You block the orc warrior's attack.
You see here a tomahawk.
You feel better. You block the orc warrior's attack.
You barely miss the orc warrior.
The orc warrior is severely wounded.
The orc warrior hits you with a trident!
* * * LOW HITPOINT WARNING * * *
The orc warrior hits you with a trident!
You die...

#.....♣♣♣..
#..♣♣♣.♣.♣♣ #.♣#
♣.♣# ######.♣ ♣.♣
####......♣# #♣.♣#
##
#...#.###..♣♣♣...♣♣
..
#...##..†..........
##.
#..(#.#############
.##...##@#.##
......)o)#.#
###...####.# ##.
#.# # #.# #.# #.#
#.#


You could see an orc warrior.

Vanquished Creatures
  Grinder (D:3)
  2 wraiths (Ossuary)
  The ghost of grindst0ne the Skirmisher, an amateur FoFi (D:5)
  Menkaure (D:5)
  Duvessa (D:6)
  2 eyes of draining (D:3)
  An ogre (D:5)
  Dowan (D:6)
  2 wights (Ossuary)
  3 crimson imps
  An iguana (D:5)
  3 orc wizards (D:5)
  4 worker ants
  Terence (D:2)
  A hound zombie (D:5)
  A hound skeleton (D:3)
  A worker ant zombie (D:5)
  2 gnolls (D:3)
  5 adders
  An ooze (D:4)
  2 adder zombies (Ossuary)
  4 worms
  3 dart slugs
  5 leopard geckos
  10 orcs
  5 giant cockroaches
  9 goblins
  6 hobgoblins
  6 jackals
  3 quokkas
  13 bats
  4 frilled lizards
  A giant cockroach zombie (D:5)
  2 hobgoblin skeletons (Ossuary)
  2 hobgoblin zombies (Ossuary)
  6 kobolds
  A kobold zombie (Ossuary)
  A leopard gecko skeleton (D:4)
  2 orc skeletons (Ossuary)
  An orc zombie (Ossuary)
  12 rats
133 creatures vanquished.

Notes
Turn   | Place    | Note
-------+----------+-------------------------------------------
     0 | D:1      | grindst0ne the Formicid Fighter began the quest for the Orb.
     0 | D:1      | Reached XP level 1. HP: 18/18 MP: 1/1
   224 | D:1      | Reached XP level 2. HP: 24/24 MP: 2/2
   375 | D:1      | Reached XP level 3. HP: 29/29 MP: 3/3
   382 | D:1      | Reached skill level 4 in Armour
   753 | D:2      | Found a faded altar of an unknown god.
   812 | D:2      | Reached XP level 4. HP: 24/35 MP: 4/4
   995 | D:2      | Reached skill level 5 in Shields
  1117 | D:2      | Noticed Terence
  1142 | D:2      | Killed Terence
  1142 | D:2      | Reached XP level 5. HP: 23/41 MP: 5/5
  1430 | D:3      | Noticed Grinder
  1675 | D:3      | Killed Grinder
  1675 | D:3      | Reached skill level 5 in Armour
  1675 | D:3      | Reached XP level 6. HP: 19/47 MP: 6/6
  1880 | D:3      | Found a bloodstained altar of Trog.
  1880 | D:3      | Noticed an eye of draining
  2122 | D:3      | Noticed an eye of draining
  2144 | D:3      | Killed an eye of draining
  2144 | D:3      | Reached skill level 6 in Armour
  2144 | D:3      | Reached XP level 7. HP: 52/52 MP: 0/7
  2933 | D:4      | Found Tiret's Armour Emporium.
  2996 | D:4      | Found a sand-covered staircase.
  3001 | Ossuary  | Entered an ossuary
  3113 | Ossuary  | Noticed a wraith
  3113 | Ossuary  | Noticed a flying skull
  3129 | Ossuary  | Noticed a flying skull
  3130 | Ossuary  | Noticed a flying skull
  3142 | Ossuary  | Noticed a wraith
  3159 | Ossuary  | Killed a wraith
  3159 | Ossuary  | Reached skill level 7 in Armour
  3159 | Ossuary  | Reached XP level 8. HP: 37/61 MP: 8/8
  3286 | Ossuary  | Noticed a flying skull
  3332 | Ossuary  | Noticed a flying skull
  3583 | Ossuary  | Noticed a wraith
  3592 | Ossuary  | Killed a wraith
  3592 | Ossuary  | Reached skill level 5 in Fighting
  3592 | Ossuary  | Reached skill level 1 in Long Blades
  4208 | D:5      | Entered Level 5 of the Dungeon
  4228 | D:5      | Noticed grindst0ne's ghost (amateur FoFi)
  4722 | D:5      | Killed grindst0ne's ghost
  4722 | D:5      | Reached skill level 8 in Armour
  4881 | D:5      | Noticed Menkaure
  4884 | D:5      | Killed Menkaure
  4884 | D:5      | Reached XP level 9. HP: 55/69 MP: 9/9
  4913 | D:5      | Identified Sif Muna's Disquisition on Weightlessness
  4935 | D:5      | Found a deep blue altar of Sif Muna.
  5151 | D:6      | Noticed Duvessa
  5151 | D:6      | Noticed Dowan
  5160 | D:6      | Killed Duvessa
  5167 | D:6      | Killed Dowan
  5369 | D:6      | Slain by an orc warrior

Vault maps used:
D:1:      nicolae_arrival_memento_mori, minmay_misc_feat_enclosed
D:2:      chequers_ecumenical_altar_simple, uniq_terence
D:3:      st_stairs_1, trog_eyes_of_draining, uniq_grinder
D:4:      enter_ossuary_2, serial_shops, shop
D:5:      first_bread, led_sif_book, uniq_menkaure
D:6:      temple_statues, minmay_stone_trees_medium, uniq_duvessa
Ossuary:  ossuary_due_cavern

Skill      XL: |  1  2  3  4  5  6  7  8  9 |
---------------+----------------------------+-----
Shields        | 4 5 6 7 |  7.2
Armour         | 4 5 6 7 8 |  8.9
Fighting       | 4 6 |  6.7
Long Blades    | 3 4 |  4.2
Axes           | |  2.0

Action                   |  1- 3 |  4- 6 |  7- 9 || total
-------------------------+-------+-------+-------++-------
Melee: War axe           |    91 |   131 |   117 ||   339
       Great sword       |       |       |   115 ||   115
 Abil: Dig               |     1 |    10 |     7 ||    18
  Use: Potion            |       |     1 |     2 ||     3
       Scroll            |       |       |     5 ||     5
  Eat: Chunk             |       |     3 |     7 ||    10
       Bread ration      |       |     1 |     1 ||     2
Armor: Scale mail        |    35 |    18 |       ||    53
       Chain mail        |       |    29 |    80 ||   109
Dodge: Dodged            |    32 |    40 |    59 ||   131
Block: Shield            |    58 |    67 |   130 ||   255
       Rpst.: Great sword |       |       |     8 ||     8
